 Dungeon Crawl Stone Soup version 0.32-a0-818-gb728d0252e (webtiles) character file.

Game seed: 16389183324544658442

436958 ViolentViolet the Warrior (level 23, -1/196 HPs)
             Began as a Coglin Fighter on Mar 23, 2024.
             Was the Champion of Qazlal.
             Slain by a +2 glaive of flaming (2 damage)
             ... on level 2 of the Elven Halls.
             The game lasted 02:41:34 (42527 turns).

ViolentViolet the Warrior (Coglin Fighter)         Turns: 42527, Time: 02:41:34

Health: -1/196     AC: 43    Str: 30    XL:     23   Next: 69%
Magic:  12/31      EV: 14    Int: 15    God:    Qazlal [******]
Gold:   6077       SH:  8    Dex: 17    Spells: 10/22 levels left

rFire   + . .        S - +4 broad axe of Integrity {vamp, Fly Str-3 Int+2}
rCold   . . .        H - +6 broad axe (venom) {Noor}
rNeg    . . .        r - +9 plate armour of Ignis's Condemnation {Int+5 Stlth+}
rPois   +            o - +2 helmet "Vaxais" {Str+6 Slay+3}
rElec   .            Z - +2 cloak {rPois}
rCorr   .            C - +2 pair of gloves {Dex+3}
SInv    .            v - +2 pair of boots
Will    ++...        (amulet unavailable) Stlth
                     (ring unavailable)
HPRegen 1.32/turn    (ring unavailable)
MPRegen 0.62/turn    Y - retrocapacitor W-20 {rF+ Will+ Regen+ RegenMP+}

%: repel missiles, clarity
@: fugue, protected from physical damage, flying, studying 2 skills, revved
A: off-hand wielding, slow wielding, warmup strikes, no jewellery, clarity
}: 3/15 runes: decaying, serpentine, silver
a: Renounce Religion, Upheaval, Elemental Force, Disaster Area


You were on level 2 of the Elven Halls.
You worshipped Qazlal.
Qazlal was exalted by your worship.
You visited 7 branches of the dungeon, and saw 37 of its levels.
You also visited: Trove, Sewer, Bailey, Ice Cave, Volcano and Wizlab.

You collected 7875 gold pieces.
You spent 1798 gold pieces at shops.

Inventory:

Hand Weapons
 h - a +2 broad axe of freezing {Manveen}
 B - a +0 broad axe of flaming {Ajinder}
 H - a +6 broad axe of venom (offhand) {Noor}
 S - the +4 broad axe of Integrity (weapon) {vamp, Fly Str-3 Int+2}
   (You acquired it on level 12 of the Dungeon)

   Str-3:     It affects your strength (-3).
   Int+2:     It affects your intelligence (+2).
   Fly:       It grants you flight.
Missiles
 j - 7 throwing nets
 l - 10 boomerangs (quivered)
 L - 21 poisoned darts
 O - 9 curare-tipped darts
Armour
 o - the +2 helmet "Vaxais" (worn) {Str+6 Slay+3}
   (You found it in a treasure trove)

   Str+6:     It affects your strength (+6).
   Slay+3:    It affects your accuracy & damage with ranged weapons and melee
   (+3).
 r - the +9 plate armour of Ignis's Condemnation (worn) {Int+5 Stlth+}
   (You found it in a treasure trove)

   Int+5:     It affects your intelligence (+5).
   Stlth+:    It makes you more stealthy.
 v - a +2 pair of boots (worn)
 C - a +2 pair of gloves of dexterity (worn)
 U - the +0 helmet "Wiucel" {rF+ rN+ Str+3}
   (You found it in a bailey)

   Str+3:     It affects your strength (+3).
   rF+:       It protects you from fire.
   rN+:       It protects you from negative energy.
 Z - a +2 cloak of poison resistance (worn)
Gizmo
 Y - a retrocapacitor W-20 (installed) {rF+ Will+ Regen+ RegenMP+}
   (You invented it yourself on level 1 of the Lair of Beasts)

   [retrocapacitor W-20]

   rF+:       It protects you from fire.
   Will+:     It increases your willpower.
   Regen+:    It increases your rate of health regeneration.
   RegenMP+:  It increases your rate of magic regeneration.
Wands
 c - a wand of digging (11)
 t - a wand of warping (61)
 E - a wand of charming (25)
 F - a wand of light (9)
 M - a wand of mindburst (57)
Scrolls
 b - 11 scrolls of vulnerability
 i - 6 scrolls of enchant armour
 k - 8 scrolls of immolation
 p - 5 scrolls of revelation
 q - 8 scrolls of blinking
 s - 20 scrolls of teleportation
 u - 2 scrolls of silence
 w - 10 scrolls of fog
 y - 6 scrolls of fear
 D - 3 scrolls of poison
 K - 4 scrolls of enchant weapon
 W - 3 scrolls of summoning
Potions
 d - 5 potions of might
 f - 2 potions of lignification
 g - 10 potions of heal wounds
 m - 11 potions of curing
 n - 6 potions of enlightenment
 x - 2 potions of berserk rage
 A - 6 potions of cancellation
 G - 5 potions of brilliance
 J - 7 potions of invisibility
 Q - 4 potions of ambrosia
 R - 3 potions of attraction
 T - 5 potions of resistance
 X - 7 potions of haste
Miscellaneous
 a - a condenser vane
 e - a phantom mirror
 I - a phial of floods
 V - a lightning rod (4/4)


   Skills:
 - Level 20.0 Fighting
 - Level 18.0 Axes
 - Level 3.0 Throwing
 * Level 15.4 Armour
 - Level 13.2 Dodging
 - Level 2.1 Shields
 * Level 9.6 Necromancy
 - Level 17.4 Translocations
 - Level 5.2 Air Magic
 - Level 11.1 Invocations
 - Level 17.0 Evocations


You had 10 spell levels left.
You knew the following spells:

 Your Spells              Type           Power      Damage    Failure   Level
a - Swiftness             Air            15%        N/A       45%         3
b - Blink                 Tloc           100%       N/A       1%          2
c - Fugue of the Fallen   Necr           28%        N/A       9%          3
d - Manifold Assault      Tloc           51%        N/A       1%          4

Your spell library contained the following spells:

 Spells                   Type           Power      Damage    Failure   Level
 Lesser Beckoning         Tloc           100%       N/A       1%          2
 Sublimation of Blood     Necr           28%        N/A       4%          2
 Momentum Strike          Conj/Tloc      52%        3d9       6%          2
 Volatile Blastmotes      Fire/Tloc      52%        2d14      12%         3
 Vhi's Electric Charge    Tloc/Air       68%        N/A       14%         4
 Cigotuvi's Dreadful Rot  Necr/Alch/Air  28%        N/A       28%         2
 Animate Dead             Necr           28%        N/A       28%         4
 Dispel Undead            Necr           28%        3d13      28%         4
 Dimensional Bullseye     Hex/Tloc       13%        N/A       38%         4
 Iskenderun's Mystic Bla  Conj/Tloc      26%        2d7       38%         4
 Shock                    Conj/Air       28%        1d4       45%         1
 Mercury Vapours          Alch/Air       14%        N/A       58%         2
 Static Discharge         Conj/Air       14%        3-4/arc   58%         2
 Curse of Agony           Necr           28%        N/A       61%         5
 Freeze                   Ice            0%         1d3       82%         1
 Magic Dart               Conj           0%         1d3       82%         1
 Sting                    Conj/Alch      0%         1d3       82%         1
 Airstrike                Air            7%         2d(2-18)  86%         4
 Anguish                  Hex/Necr       7%         N/A       90%         4
 Martyr's Knell           Necr/Summ      14%        N/A       90%         4
 Call Imp                 Summ           0%         N/A       91%         2
 Ensorcelled Hibernation  Hex/Ice        0%         N/A       91%         2
 Jinxbite                 Hex            0%         N/A       91%         2
 Scorch                   Fire           0%         2d5       91%         2
 Searing Ray              Conj           0%         2d4       91%         2
 Mephitic Cloud           Conj/Alch/Air  5%         N/A       91%         3
 Call Canine Familiar     Summ           0%         N/A       99%         3
 Dazzling Flash           Conj/Hex       0%         N/A       99%         3
 Frozen Ramparts          Ice            0%         1d1       99%         3
 Hailstorm                Conj/Ice       0%         3d5       99%         3
 Inner Flame              Hex/Fire       0%         N/A       99%         3
 Ozocubu's Armour         Ice            0%         N/A       99%         3
 Passwall                 Erth           0%         N/A       99%         3
 Sigil of Binding         Hex            0%         N/A       99%         3
 Stone Arrow              Conj/Erth      0%         3d7       99%         3
 Summon Ice Beast         Ice/Summ       0%         N/A       99%         3
 Summon Lightning Spire   Summ/Air       7%         N/A       99%         4
 Borgnjor's Vile Clutch   Necr/Erth      7%         N/A       99%         5
 Death Channel            Necr           14%        N/A       99%         6
 Animate Armour           Summ/Erth      0%         N/A       100%        4
 Flame Wave               Conj/Fire      0%         2d4       100%        4
 Fulminant Prism          Conj/Alch      0%         3d5       100%        4
 Leda's Liquefaction      Alch/Erth      0%         N/A       100%        4
 Olgreb's Toxic Radiance  Alch           0%         N/A       100%        4
 Petrify                  Alch/Erth      0%         N/A       100%        4
 Sticky Flame             Fire/Alch      0%         2d4       100%        4
 Arcjolt                  Conj/Air       3%         1d13      100%        5
 Irradiate                Conj/Alch      0%         3d11      100%        5
 Iskenderun's Battlesphe  Conj           0%         2d6       100%        5
 Lee's Rapid Deconstruct  Erth           0%         3d4*      100%        5
 Metabolic Englaciation   Hex/Ice        0%         N/A       100%        5
 Silence                  Hex/Air        3%         N/A       100%        5
 Summon Mana Viper        Hex/Summ       0%         N/A       100%        5
 Yara's Violent Unravell  Hex/Alch       0%         3d3       100%        5
 Eringya's Noxious Bog    Alch           0%         4d6       100%        6
 Sculpt Simulacrum        Ice/Alch       0%         N/A       100%        6
 Summon Cactus Giant      Summ           0%         N/A       100%        6
 Enfeeble                 Hex            0%         N/A       100%        7
 Haunt                    Necr/Summ      7%         N/A       100%        7
 Monstrous Menagerie      Summ           0%         N/A       100%        7
 Ozocubu's Refrigeration  Ice            0%         4d7       100%        7
 Summon Hydra             Summ           0%         N/A       100%        7
 Discord                  Hex            0%         N/A       100%        8
 Infestation              Necr           14%        N/A       100%        8
 Lehudib's Crystal Spear  Conj/Erth      0%         10d2      100%        8
 Maxwell's Capacitive Co  Air            7%         ∞         100%        8


Dungeon Overview and Level Annotations

Branches:
Dungeon (15/15)            Temple (0/1) D:5            Lair (5/5) D:10
  Swamp (4/4) Lair:2        Snake (4/4) Lair:3        Slime (0/5) Lair:4
    Orc (2/2) D:10            Elf (1/3) Orc:2        Vaults (5/5) D:14
  Crypt (0/3) Vaults:3     Depths (0/4) D:15          Sewer (visited)
 Bailey (visited)           IceCv (visited)         Volcano (visited)
 WizLab (visited)

Altars:
Ashenzari
Cheibriados
Fedhas
Gozag
Hepliaklqana
Makhleb
Qazlal
Sif Muna
Trog
Uskayaw
Wu Jian
Xom
Yredelemnul
The Shining One
Jiyva

Shops:
D:3 =   D:4 =   D:12 ?   D:13 =*   Orc:2 =:*[(   Snake:1 ****(((   Snake:3 *

Annotations:
D:1 exclusion: downstairs
D:5 exclusion: downstairs
D:6 exclusion: 2 downstairs
D:7 glass sealed
D:8 exclusion: downstairs
D:9 unreachable water
D:10 exclusion: 2 downstairs
D:12 exclusion: 2 downstairs
D:13 exclusion: downstairs
Lair:3 3 runed translucent doors, Xoff's ghost, journeyman GnCj
Swamp:1 3 runed translucent doors, Ratatoo's ghost, journeyman DESu
Snake:1 exclusion: downstairs
Orc:1 1 runed translucent door, Konar's ghost, journeyman CoHu
Elf:1 Roxanne
Elf:2 5 runed translucent doors


Innate Abilities, Weirdness & Mutations

You can wield a second weapon in your off-hand.
It takes a long time for you to wield or remove held weapons.
Your first few attacks do less damage.
You cannot equip rings or amulets.
You possess an exceptional clarity of mind.


Message History

The +2 scimitar of holy wrath completely misses you.
You hit the +2 scimitar of holy wrath with your +6 broad axe of venom.
The +2 scimitar of holy wrath is severely damaged.
You closely miss the +2 scimitar of holy wrath with the +4 broad axe of Integrity.
The +2 glaive of flaming is engulfed in blazing flames.
You block the +2 glaive of flaming's attack.
The +1 vampiric bardiche hits you but does no damage.
The +2 scimitar of holy wrath hits you but does no damage.
You closely miss the +2 scimitar of holy wrath with your +6 broad axe of venom.
The +2 scimitar of holy wrath is severely damaged.
You chop the +2 scimitar of holy wrath into pieces with the +4 broad axe of Integrity!!!
The +2 scimitar of holy wrath falls from the air.
Qazlal accepts your kill.
The +2 glaive of flaming hits you from afar!!
* * * LOW HITPOINT WARNING * * *
You feel more protected from physical attacks.
The +2 glaive of flaming burns you.
* * * LOW HITPOINT WARNING * * *
You block the +1 vampiric bardiche's attack.
The +2 glaive of flaming is engulfed in blazing flames.
The +2 glaive of flaming hits you!
* * * LOW HITPOINT WARNING * * *
The +2 glaive of flaming burns you.
* * * LOW HITPOINT WARNING * * *
The +1 vampiric bardiche hits you!!
* * * LOW HITPOINT WARNING * * *
Things that are here:
a +2 scimitar of holy wrath; a +3 morningstar of holy wrath
Casting: Manifold Assault (mildly dangerous; 1% risk of failure)
Confirm with . or Enter, or press ? or * to list all spells.
Space momentarily warps into an impossible shape!
You closely miss the +2 glaive of flaming with the +4 broad axe of Integrity.
You slash the +2 glaive of flaming with your +6 broad axe of venom!
You miss the +1 vampiric bardiche with the +4 broad axe of Integrity.
You hit the +1 vampiric bardiche with your +6 broad axe of venom.
The +2 glaive of flaming is engulfed in blazing flames.
The +2 glaive of flaming hits you!
* * * LOW HITPOINT WARNING * * *
The +2 glaive of flaming burns you.
You die...

.........
........#
........##
.........##
........
#..... #§..#
.# ##○.##
...###(@°.##
....#☼())..#
......)☼..##
........)##
..##.....##
. ##.....##
##.....#
##......#
#......##


You could see 2 dancing weapons.

Vanquished Creatures
  A dread lich (Vaults:5)
  2 ancient liches (Vaults:5)
  Xtahua (Vaults:2)
  Vashnia (Snake:3)
  2 golden dragons (Vaults:5)
  A tentacled monstrosity (Vaults:5)
  2 liches (Vaults:5)
  A deep elf blademaster (Elf:2)
  8 titans
  7 shadow dragons
  3 sphinxes
  2 thorn hunters
  Aizul (Vaults:2)
  3 storm dragons (Vaults:5)
  2 tengu reavers (Vaults:5)
  18 nagarajas
  A fire giant (Vaults:5)
  Louise (D:14)
  3 frost giants
  19 vault wardens
  A deep elf sorcerer (Vaults:5)
  A draconian scorcher (WizLab)
  5 formless jellyfish
  11 ironbound preservers
  2 orc warlords
  A stone giant (Vaults:5)
  3 very ugly things (Vaults:5)
  6 ironbound thunderhulks
  Nessos (Lair:3)
  3 eleionomae
  A deep elf demonologist (Vaults:4)
  2 deep elf annihilators
  Azrael (D:14)
  8 purple draconians (WizLab)
  3 war gargoyles
  3 bunyips
  7 statues (WizLab)
  7 ettins
  2 fire dragons (D:14)
  4 great orbs of eyes
  2 deep elf high priests (Vaults:5)
  3 crystal guardians
  A shambling mangrove (Swamp:4)
  37 vault guards
  11 yaktaur captains
  Harold (D:11)
  Fannar (Orc:1)
  3 salamander tyrants (Snake:2)
  3 ghost crabs
  21 hydras
  16 centaur warriors
  A spriggan air mage (Swamp:4)
  2 peacekeepers
  3 ogre magi (Vaults:5)
  10 alligators
  8 ironbound frosthearts
  7 anacondas
  5 death yaks (Lair:5)
  2 two-headed ogres
  16 dancing weapons
  7 boulder beetles
  An alligator (shapeshifter) (Vaults:5)
  A tengu warrior (D:13)
  16 naga warriors
  4 orc high priests
  2 spriggan berserkers (Swamp:4)
  5 hell knights (Vaults:5)
  3 shock serpents (Snake:3)
  23 naga sharpshooters
  9 deep elf knights
  A skyshark (Lair:5)
  A spectral death yak (Lair:2)
  2 skeletal warriors (Vaults:3)
  3 salamander mystics
  2 glowing orange brains (shapeshifter) (Vaults:5)
  4 spriggan druids
  A death drake (Swamp:4)
  2 steelbarb worms (shapeshifter) (Vaults:5)
  A flayed ghost (Vaults:5)
  32 deep trolls
  6 goliath frogs
  12 arcanists
  A spectral hydra (Lair:2)
  8 mana vipers
  5 deep elf archers
  10 bog bodies
  8 naga ritualists
  13 ironbound convokers
  7 lindwurms
  An obsidian bat (Orc:1)
  12 deep elf zephyrmancers
  7 phantasmal warriors
  13 deep elf pyromancers
  3 necromancers
  7 swamp dragons
  10 orc knights
  30 ugly things
  5 harpies (Vaults:1)
  5 orc sorcerers
  2 oklob plants (Lair:2)
  8 salamanders
  3 meliai (D:15)
  3 cyclopes
  5 manticores
  5 will-o-the-wisps
  35 black mambas
  A guardian serpent (shapeshifter) (D:14)
  15 vault sentinels
  A black mamba (shapeshifter) (D:15)
  2 water nymphs (shapeshifter) (Vaults:5)
  10 guardian serpents
  An eye of devastation (shapeshifter) (Vaults:5)
  14 naga magi
  32 elephants
  2 gargoyles
  A cane toad (shapeshifter) (Vaults:5)
  Maggie (D:7)
  2 ice statues (IceCv)
  14 cane toads
  3 rime drakes
  2 unseen horrors
  An unseen horror (shapeshifter) (D:13)
  Jeremiah (D:7)
  5 komodo dragons
  27 yaktaurs
  6 ice devils (IceCv)
  A kobold demonologist (D:13)
  3 freezing wraiths
  2 anaconda simulacra (IceCv)
  22 tengu conjurers
  9 polar bears
  A queen bee (Lair:2)
  A bloated husk (Swamp:1)
  6 trolls
  6 tyrant leeches
  13 hornets
  15 blink frogs
  5 dream sheep (Lair:4)
  2 air elementals (Elf:1)
  26 slime creatures
  A spectral black mamba (Lair:2)
  23 spriggans
  A shadow (D:13)
  2 vampires
  A wraith (D:13)
  68 yaks
  2 dire elephant simulacra (IceCv)
  9 fire elementals
  6 wyverns
  9 basilisks
  A steam dragon (D:9)
  A spectral komodo dragon (Lair:2)
  19 vampire mosquitoes
  35 nagas
  2 spectral cane toads (Lair:2)
  18 swamp worms
  5 acid dragons
  9 hell hounds
  16 water moccasins
  6 hydra simulacra (IceCv)
  6 swamp drakes
  25 orc warriors
  2 laughing skulls
  An ice beast (D:8)
  4 black bears
  12 boggarts
  9 centaurs
  35 wolves
  8 ogres
  2 phantoms (D:6)
  A kobold brigand (D:9)
  10 bullfrogs
  A scorpion (D:4)
  A gnoll sergeant (D:6)
  A two-headed ogre simulacrum (IceCv)
  8 wights (D:8)
  29 killer bees (Lair:2)
  3 howler monkeys
  8 wolf zombies (Bailey)
  3 electric eels (D:9)
  7 vampire bats (Bailey)
  A lava snake (Orc:2)
  17 orc priests
  A bombardier beetle (D:3)
  5 hounds
  6 jellies
  2 sleepcaps
  4 iguanas
  28 orc wizards
  2 polar bear simulacra (IceCv)
  6 gnolls
  10 adders
  A naga simulacrum (IceCv)
  4 river rats
  3 white imps
  2 ufetubi (D:6)
  2 dart slugs
  A ribbon worm (D:3)
  74 orcs
  5 bats
  7 endoplasms
  4 giant cockroaches
  10 goblins
  10 hobgoblins
  11 jackals
  4 quokkas (D:4)
  18 ball pythons
  7 frilled lizards
  15 kobolds
  21 orc zombies (Bailey)
  23 rats
1615 creatures vanquished.

Vanquished Creatures (collateral kills)
  A vault guard (Vaults:2)
  2 lindwurms (Vaults:2)
  A vault sentinel (Vaults:2)
4 creatures vanquished.

Vanquished Creatures (others)
  A bunyip (Swamp:3)
  A vault guard (Vaults:5)
  A deep elf knight (Elf:1)
  A deep elf zephyrmancer (Elf:1)
  A naga mage (Snake:2)
  2 tengu conjurers (WizLab)
  2 bloated husks
9 creatures vanquished.

Grand Total: 1628 creatures vanquished

Notes
Turn   | Place    | Note
-------+----------+-------------------------------------------
     0 | D:1      | ViolentViolet the Coglin Fighter began the quest for the
                  | Orb.
     0 | D:1      | Reached XP level 1. HP: 18/18 MP: 1/1
   125 | D:1      | Reached XP level 2. HP: 3/24 MP: 2/2
   319 | D:1      | Found a faded altar of an unknown god.
   591 | D:1      | Reached XP level 3. HP: 25/29 MP: 3/3
  1099 | D:2      | Reached XP level 4. HP: 28/35 MP: 4/4
  1693 | D:3      | Reached skill level 5 in Axes
  1693 | D:3      | Reached XP level 5. HP: 40/41 MP: 5/5
  1755 | D:3      | Reached skill level 1 in Throwing
  1959 | D:3      | Found an opulent altar of Gozag.
  2108 | D:3      | Found Testraxka's Jewellery Boutique.
  2399 | D:4      | Reached XP level 6. HP: 38/47 MP: 6/6
  2648 | D:4      | Found Jefuj's Jewellery Shoppe.
  2683 | D:4      | Found a glowing golden altar of the Shining One.
  3072 | D:4      | Identified the +0 pair of gloves of the Eternal Fruit {+Inv
                  | Dex+3 Stlth-}
  3113 | D:4      | Found a stormy altar of Qazlal.
  3193 | D:4      | Became a worshipper of Qazlal Stormbringer
  3220 | D:5      | Entered Level 5 of the Dungeon
  3386 | D:5      | Reached XP level 7. HP: 11/52 MP: 7/7
  3388 | D:5      | Found a broken altar of Ashenzari.
  3440 | D:5      | Found a shimmering blue altar of Sif Muna.
  3466 | D:5      | Reached skill level 1 in Evocations
  3469 | D:5      | Found a glowing drain.
  3473 | Sewer    | Entered a sewer
  3731 | Sewer    | Reached * piety under Qazlal
  4374 | D:5      | Found a staircase to the Ecumenical Temple.
  4417 | D:6      | Reached XP level 8. HP: 54/58 MP: 8/8
  4491 | D:6      | Reached skill level 1 in Invocations
  4884 | D:6      | Reached ** piety under Qazlal
  5252 | D:7      | Noticed Jeremiah
  5471 | D:7      | Noticed Maggie
  5482 | D:7      | Killed Maggie
  5483 | D:7      | Reached skill level 4 in Fighting
  5483 | D:7      | Reached XP level 9. HP: 57/65 MP: 10/10
  5554 | D:7      | Gained mutation: You have a pair of small horns on your
                  | head. [potion of mutation]
  5555 | D:7      | Lost mutation: You have a pair of small horns on your head.
                  | [potion of mutation]
  5555 | D:7      | Gained mutation: You possess an exceptional clarity of
                  | mind. [potion of mutation]
  6329 | D:7      | Reached skill level 5 in Armour
  6329 | D:7      | You fall into a shaft and drop 2 floors!
  6369 | D:9      | Found the +0 toga "Victory" {*Victory Clar}
  6557 | D:9      | Noticed a cyclops
  7195 | D:8      | Reached skill level 10 in Axes
  7351 | D:8      | Found a hazy altar of Hepliaklqana.
  7361 | D:8      | Found a burning altar of Makhleb.
  7363 | D:8      | Found a bloodstained altar of Trog.
  7916 | D:9      | Reached skill level 5 in Fighting
  8001 | D:9      | Found a blossoming altar of Fedhas.
  8059 | D:9      | Killed a cyclops
  8060 | D:9      | Reached XP level 10. HP: 48/74 MP: 12/12
  8181 | D:9      | Identified the amulet "Monur" {Acrobat Harm Dex+6}
  9003 | D:7      | Killed Jeremiah
  9272 | D:10     | Entered Level 10 of the Dungeon
  9276 | D:10     | Found a staircase to the Orcish Mines.
  9329 | D:10     | Found a flagged portal.
  9383 | D:10     | Killed an unseen horror
  9568 | Bailey   | Entered a bailey
  9590 | Bailey   | Reached *** piety under Qazlal
  9816 | Bailey   | Noticed a gargoyle
  9822 | Bailey   | Killed a gargoyle
  9823 | Bailey   | Reached skill level 5 in Invocations
  9957 | Bailey   | Identified the +0 helmet "Wiucel" {rF+ rN+ Str+3}
 10021 | Bailey   | Identified the +4 pearl dragon scales "Peaxt" {rF+ rN+
                  | Int+3 Stlth+}
 10392 | D:10     | Found a staircase to the Lair.
 10777 | D:11     | Noticed a boulder beetle
 10846 | D:11     | Noticed a gargoyle
 10864 | D:11     | Killed a gargoyle
 10870 | D:11     | Noticed a two-headed ogre
 11017 | D:11     | Reached XP level 11. HP: 80/80 MP: 15/15
 11018 | D:11     | Reached skill level 5 in Evocations
 11171 | D:11     | Reached skill level 1 in Dodging
 11259 | D:11     | Killed a boulder beetle
 11259 | D:11     | Reached **** piety under Qazlal
 11419 | D:11     | Reached skill level 6 in Fighting
 11420 | D:11     | Noticed Harold
 11454 | D:11     | Killed Harold
 11691 | D:12     | Noticed a two-headed ogre
 11696 | D:12     | Killed a two-headed ogre
 11977 | D:12     | Noticed a cyclops
 11988 | D:12     | Killed a cyclops
 12204 | D:12     | Learned a level 3 spell: Swiftness
 12229 | D:12     | Noticed a manticore
 12238 | D:12     | Killed a manticore
 12394 | D:12     | Found Oddepp's Magic Scroll Shop.
 12397 | D:12     | Bought a scroll of fear for 60 gold pieces
 12522 | D:13     | Noticed a two-headed ogre
 12558 | D:13     | Noticed a centaur warrior
 12566 | D:13     | Killed a centaur warrior
 12567 | D:13     | Reached skill level 1 in Air Magic
 12567 | D:13     | Reached XP level 12. HP: 75/89 MP: 16/16
 12645 | D:13     | Noticed a boulder beetle
 12657 | D:13     | Killed a boulder beetle
 12658 | D:13     | Reached skill level 7 in Fighting
 12732 | D:13     | Killed a two-headed ogre
 12908 | D:13     | Noticed a centaur warrior
 12912 | D:13     | Killed a centaur warrior
 12992 | D:13     | Noticed a tengu warrior
 13497 | D:13     | Noticed a centaur warrior
 13505 | D:13     | Killed a centaur warrior
 13678 | D:13     | Noticed a four-headed hydra
 13684 | D:13     | Killed a four-headed hydra
 13689 | D:13     | Reached ***** piety under Qazlal
 13793 | D:13     | Found Bifeger's General Store.
 13801 | D:13     | Bought a +2 pair of gloves of dexterity for 365 gold pieces
 13914 | D:13     | Killed a tengu warrior
 14122 | D:13     | Found Pecaw's One-of-a-Kind Rings.
 14214 | D:14     | Noticed a boulder beetle
 14227 | D:13     | Killed a boulder beetle
 14272 | D:13     | Reached skill level 8 in Fighting
 14304 | D:14     | Identified the +2 rapier "Dygubam" {protect, rElec Will-
                  | Int+5}
 14378 | D:14     | Noticed a centaur warrior
 14386 | D:14     | Killed a centaur warrior
 14387 | D:14     | Reached XP level 13. HP: 89/98 MP: 18/18
 14561 | D:14     | Noticed Louise
 14572 | D:14     | Killed Louise
 14604 | D:14     | Got the Grimoire of Elitism
 14736 | D:14     | Found a gate to the Vaults.
 14779 | D:14     | Reached skill level 15 in Axes
 14852 | D:14     | Noticed Azrael
 14858 | D:14     | Killed Azrael
 15350 | D:15     | Entered Level 15 of the Dungeon
 15934 | D:14     | Reached skill level 9 in Fighting
 15978 | D:15     | Identified the +0 chain mail of the Thistle {Harm ^Drain
                  | rC+ rCorr}
 15997 | D:15     | Noticed a fire dragon
 15997 | D:15     | Noticed a fire dragon
 16025 | D:14     | Killed a fire dragon
 16026 | D:14     | Reached skill level 5 in Air Magic
 16164 | D:14     | Killed a fire dragon
 16230 | D:15     | HP: 5/101 [poisoned by a meliai]
 16234 | D:15     | HP: 2/101 [poisoned by a meliai]
 16652 | D:15     | Found a staircase to the Depths.
 17090 | D:15     | Found a hide-covered altar of Uskayaw.
 17260 | Lair:1   | Entered Level 1 of the Lair of Beasts
 17489 | Lair:1   | Reached XP level 14. HP: 87/108 MP: 20/20
 17571 | Lair:1   | Acquired a retrocapacitor W-20 {rF+ Will+ Regen+ RegenMP+}
 18150 | Lair:2   | Reached ****** piety under Qazlal
 18163 | Lair:2   | Reached skill level 10 in Fighting
 18296 | Lair:2   | Found a staircase to the Swamp.
 18397 | Lair:2   | Found an ornate altar of the Wu Jian Council.
 18577 | Lair:2   | Reached skill level 5 in Dodging
 19406 | Lair:3   | Noticed Nessos
 19413 | Lair:3   | Reached skill level 11 in Fighting
 19421 | Lair:3   | Killed Nessos
 19519 | Lair:3   | Found a staircase to the Snake Pit.
 19618 | Lair:3   | Reached XP level 15. HP: 116/119 MP: 21/21
 19691 | Lair:3   | Found a runed translucent gate.
 19691 | Lair:3   | Found a runed translucent gate.
 19691 | Lair:3   | Found a runed translucent gate.
 19693 | Lair:3   | Noticed Xoff's ghost (journeyman GnCj)
 19702 | Lair:3   | Found a viscous altar of Jiyva.
 19921 | Lair:4   | Reached skill level 12 in Fighting
 20083 | Lair:4   | Found a staircase to the Slime Pits.
 20090 | Lair:4   | Found a viscous altar of Jiyva.
 20584 | Lair:5   | Entered Level 5 of the Lair of Beasts
 20630 | Lair:5   | Reached skill level 10 in Evocations
 22518 | Orc:1    | Entered Level 1 of the Orcish Mines
 22527 | Orc:1    | Reached skill level 13 in Fighting
 22528 | Orc:1    | Reached XP level 16. HP: 109/130 MP: 23/23
 22582 | Orc:1    | Found a runed translucent door.
 22582 | Orc:1    | Found a shimmering altar of Xom.
 22582 | Orc:1    | Noticed Konar's ghost (journeyman CoHu)
 22651 | Orc:1    | Noticed Fannar
 22661 | Orc:1    | Killed Fannar
 22779 | Orc:1    | Found a dark tunnel.
 22788 | Volcano  | Entered a volcano
 23122 | Orc:2    | Entered Level 2 of the Orcish Mines
 23162 | Orc:2    | Found a frozen archway.
 23186 | IceCv    | Entered an ice cave
 23743 | Orc:2    | Found a staircase to the Elven Halls.
 23818 | Orc:2    | Reached skill level 14 in Fighting
 23845 | Orc:2    | Reached skill level 10 in Invocations
 24059 | Orc:2    | Found Leakh's Jewellery Shop.
 24127 | Orc:2    | Found Waidageum's Antique Armour Shoppe.
 24128 | Orc:2    | Found Myczem's Antique Weapon Emporium.
 24130 | Orc:2    | Found Daizxaus's General Store.
 24130 | Orc:2    | Found Veuwnag's Book Shoppe.
 24378 | Orc:2    | Bought a book of Minor Magic for 256 gold pieces
 24381 | Orc:2    | Learned a level 2 spell: Blink
 24695 | Snake:1  | Entered Level 1 of the Snake Pit
 24838 | Snake:1  | Found Okaeg's Weapon Shoppe.
 24840 | Snake:1  | Found Dusm's Antique Weapon Shoppe.
 24840 | Snake:1  | Found Xoifro's Assorted Antiques.
 24845 | Snake:1  | Found Woteegyo's Weapon Emporium.
 24855 | Snake:1  | Reached skill level 1 in Translocations
 24883 | Snake:1  | Bought a runed broad axe for 210 gold pieces
 24883 | Snake:1  | Bought a curved silver wand for 120 gold pieces
 25119 | D:12     | Bought a scroll of brand weapon for 142 gold pieces
 25120 | D:12     | Bought a scroll of identify for 30 gold pieces
 25120 | D:12     | Identified a scroll of acquirement
 25121 | D:12     | Acquired the +4 broad axe of Integrity {vamp, Fly Str-3
                  | Int+2}
 25819 | Snake:1  | Found Cascheul's General Store.
 25821 | Snake:1  | Found Necvomyz's General Store.
 25839 | Snake:1  | Bought a book of Battle for 390 gold pieces
 26094 | Orc:2    | Bought an embroidered cloak for 225 gold pieces
 26360 | Snake:1  | Found Voafayth's General Store.
 26372 | Snake:1  | Learned a level 3 spell: Fugue of the Fallen
 26456 | Snake:1  | Reached skill level 1 in Necromancy
 26673 | Snake:1  | Found a basalt altar of Yredelemnul.
 26875 | Snake:2  | Noticed a nagaraja
 26971 | Snake:2  | Killed a nagaraja
 27091 | Snake:2  | Noticed a nagaraja
 27192 | Snake:2  | Reached XP level 17. HP: 96/140 MP: 24/24
 27452 | Snake:2  | Identified the amulet "Nenig" {Acrobat +Blink +Inv}
 27453 | Snake:2  | Found a shimmering blue altar of Sif Muna.
 27454 | Snake:2  | Found a transporter.
 27962 | Snake:2  | Found a transporter.
 28400 | Snake:3  | Noticed Vashnia
 28432 | Snake:3  | Killed Vashnia
 28548 | Snake:3  | Found Kirag's Assorted Antiques.
 28655 | Snake:3  | Reached skill level 15 in Fighting
 28751 | Snake:3  | Reached skill level 5 in Translocations
 28829 | Snake:3  | Reached skill level 5 in Necromancy
 28991 | Snake:3  | Identified the +1 war axe of Immorality {drain, rF+ rN++
                  | Int+3}
 29497 | Snake:4  | Entered Level 4 of the Snake Pit
 29702 | Snake:4  | Learned a level 4 spell: Manifold Assault
 29708 | Snake:4  | Reached skill level 10 in Dodging
 29998 | Snake:4  | Found a snail-covered altar of Cheibriados.
 30141 | Snake:4  | Reached XP level 18. HP: 141/150 MP: 25/25
 30294 | Snake:4  | Reached skill level 16 in Fighting
 30311 | Snake:4  | Got a serpentine rune of Zot
 31152 | Vaults:1 | Entered Level 1 of the Vaults
 31159 | Vaults:1 | Reached skill level 17 in Fighting
 31458 | Vaults:1 | Reached skill level 15 in Evocations
 31458 | Vaults:1 | Reached XP level 19. HP: 163/163 MP: 26/26
 31484 | Vaults:1 | Reached skill level 18 in Fighting
 31582 | Vaults:1 | Reached skill level 10 in Translocations
 32141 | Vaults:1 | Found a portal to a secret trove of treasure.
 32165 | Vaults:1 | You paid a toll of 5 scrolls of fear to enter a treasure
                  | trove
 32166 | Trove    | Entered a treasure trove
 32211 | Trove    | Identified the +1 plate armour of the Shining Light {-Tele
                  | Harm rPois Dex+4}
 32212 | Trove    | Identified the +9 plate armour of Ignis's Condemnation
                  | {Int+5 Stlth+}
 32214 | Trove    | Identified the +2 helmet "Vaxais" {Str+6 Slay+3}
 32387 | Vaults:2 | Reached skill level 19 in Fighting
 32564 | Vaults:2 | Reached XP level 20. HP: 174/174 MP: 18/27
 32907 | Vaults:2 | Noticed Xtahua
 32923 | Vaults:2 | Killed Xtahua
 33085 | Vaults:2 | Identified the serpent talisman of the Salmon {rF+ rC+
                  | rCorr}
 33085 | Vaults:2 | Noticed Aizul
 33093 | Vaults:2 | Killed Aizul
 33464 | Vaults:3 | Reached skill level 20 in Fighting
 33614 | Vaults:3 | Found a magical portal.
 33635 | WizLab   | Entered Iskenderun's Mystic Tower
 34323 | WizLab   | Got Iskenderun's Dissertation on Trauma
 34930 | Vaults:3 | Acquired 912 gold pieces
 35015 | Vaults:3 | Reached skill level 15 in Translocations
 35036 | Vaults:3 | Reached XP level 21. HP: 151/183 MP: 17/28
 35415 | Vaults:3 | Found a staircase to the Crypt.
 35750 | Vaults:4 | Paralysed by a formless jellyfish for 1 turns
 36967 | Vaults:5 | Entered Level 5 of the Vaults
 37267 | Vaults:5 | Noticed a golden dragon
 37273 | Vaults:5 | Killed a golden dragon
 37275 | Vaults:5 | Reached XP level 22. HP: 156/190 MP: 30/30
 37278 | Vaults:5 | Noticed a golden dragon
 37282 | Vaults:5 | Killed a golden dragon
 37358 | Vaults:5 | Noticed a dread lich
 37367 | Vaults:5 | Killed a dread lich
 37428 | Vaults:5 | Noticed an ancient lich
 37440 | Vaults:5 | Killed an ancient lich
 37476 | Vaults:5 | Noticed an ancient lich
 37481 | Vaults:5 | Reached skill level 10 in Armour
 37482 | Vaults:5 | Killed an ancient lich
 38266 | Vaults:5 | Identified the staff of Edwaell {+Blink rElec rC+ Int-2
                  | Air}
 38285 | Vaults:5 | Identified the +0 chain mail of Orthodoxy {Rampage rF+
                  | Stlth+}
 38406 | Vaults:5 | Identified the +0 robe "Kocs" {-Cast Str+4 Slay+3}
 38408 | Vaults:5 | Got Jiodar's Quarto of Enthralling Venin
 38822 | Vaults:5 | Got a silver rune of Zot
 39552 | Swamp:1  | Entered Level 1 of the Swamp
 40021 | Swamp:1  | Found a runed translucent gate.
 40022 | Swamp:1  | Found a runed translucent gate.
 40023 | Swamp:1  | Found a runed translucent gate.
 40026 | Swamp:1  | Noticed Ratatoo's ghost (journeyman DESu)
 40196 | Swamp:2  | Identified the +0 leather armour "Afeituokhlol" {rElec
                  | rPois rC++ Str-4}
 40317 | Swamp:2  | Reached XP level 23. HP: 191/196 MP: 31/31
 41198 | Swamp:4  | Entered Level 4 of the Swamp
 41430 | Swamp:4  | Got a decaying rune of Zot
 41512 | Swamp:4  | Identified the +3 leather armour "Ozifey" {-Tele rPois rF+
                  | Dex+3}
 41622 | Swamp:4  | Identified the +1 robe of Life {Regen+ Slay+2}
 42044 | Elf:1    | Entered Level 1 of the Elven Halls
 42149 | Elf:1    | Reached skill level 15 in Armour
 42216 | Elf:1    | Noticed Roxanne
 42329 | Elf:1    | You are sucked into a shaft and drop 1 floor!
 42333 | Elf:2    | Found a huge runed translucent gate.
 42334 | Elf:2    | Found a huge runed translucent gate.
 42480 | Elf:2    | Found a huge runed translucent gate.
 42481 | Elf:2    | Found a huge runed translucent gate.
 42482 | Elf:2    | Found a huge runed translucent gate.
 42527 | Elf:2    | HP: 1/196 [+2 glaive of flaming (14)]
 42527 | Elf:2    | Slain by a +2 glaive of flaming

Illustrated notes

Levels and vault maps discovered:
D:1:      lemuel_arrival_lava_pool, layout_loops_ring,
          ebering_ecumenical_altar_box, minmay_pentomino_s4
D:2:      layout_basic, mrwooster_statue_mirror, moated_statue
D:3:      layout_basic, grunt_gozag_statues, serial_shops, nicolae_square_shop
D:4:      layout_loops_cross, mainiacjoe_overflow_six_doors_small,
          mainiacjoe_overflow_surrounded_room, serial_shops, shop
D:5:      layout_loops_ring, lemuel_round_altar, nicolae_sif_muna_condensation,
          minmay_temple_entry_statues_pillars,
          mainiacjoe_sewer_entry_somewhere_in_here_2, kennysheep_generic_room_7
D:6:      layout_basic
D:7:      layout_basic, serial_glass, glass_columns_a, glass_columns_c,
          item_on_display_a, due_unseen_surprise, item_on_display_a,
          kennysheep_another_room, st_stairs_6, chequers_jeans,
          grunt_decor_one_mirror, uniq_maggie, uniq_jeremiah
D:8:      layout_gridville, minitemple, chequers_mini_garden,
          minmay_manual_mares
D:9:      layout_cave_pools, amcnicky_altar_gilded, water_boxes_lemuel
D:10:     layout_irregular_city, david_lair_shrubbed, orc_0_dummy,
          enter_bailey_5
D:11:     layout_roguey, uniq_harold
D:12:     layout_cave_pools, serial_shops, nicolae_shop_behind_doors
D:13:     minmay_ornate_pinched, layout_loops_corners, serial_shops,
          nicolae_shop_tiny_statue_garden, nicolae_shop_unique_rings
D:14:     layout_basic, erik_vaults_1, abandoned_shop, uniq_louise, uniq_azrael
D:15:     grunt_enter_depths_hoard, layout_small_grid,
          chequers_serial_rivers_micro_e, nicolae_uskayaw_suspiria
Lair:1:   layout_concentric_octagons, grunt_megastairs_5
Lair:2:   regret_index_harrowing_hell_hive, layout_regular_city,
          nicolae_swamp_entry_spooky, basic_altar
Lair:3:   beast_lair_carwin_large_4, layout_cellular_growth,
          nicolae_snake_entry_squirm, gammafunk_ghost_ooze,
          bobbens_dragon_lair_wall, uniq_nessos
Lair:4:   layout_roguey, nicolae_slime_entry_field_trip,
          kilobyte_rumbling_trees, serial_bayou_shore_b
Lair:5:   minmay_lair_end_enchanted_forest, layout_regular_city
Swamp:1:  layout_falls_marsh, gammafunk_ghost_necromancy,
          evilmike_swamp_ruin_house_1, swamp_pool_3
Swamp:2:  layout_basic_swamp, serial_swamp_ruin, evilmike_swamp_ruin_wall,
          evilmike_swamp_ruin_house_2, evilmike_swamp_ruin_house_5
Swamp:3:  layout_basic_swamp, evilmike_swamp_ruin_house_4
Swamp:4:  swamp_basic_johnstein, layout_basic_swamp, swamp_pool_3,
          nicolae_swamp_orc_logging_accident, nicolae_swamp_tree_designs
Snake:1:  layout_basic, basic_altar, serial_shops, shop, shop, shop,
          minmay_shoptagon, grunt_megastairs_4
Snake:2:  gammafunk_sealed_library, layout_rooms
Snake:3:  layout_onion_interference, serial_shops, shop,
          nicolae_snake_storage_room, uniq_vashnia
Snake:4:  grunt_snake_rune_spirals, layout_onion, basic_altar
Orc:1:    layout_diamond_mine, ebering_ghost_xom,
          nicolae_volcano_entry_vermiform, uniq_fannar
Orc:2:    st_orc_congregation, layout_diamond_mine, serial_shops, shop,
          portal_ice_cave_entry_animals_and_master, nicolae_orc_lava_tube
Elf:1:    eino_elf_arrival_customs, layout_geoelf_octagon, guppyfry_elf_altar,
          uniq_roxanne
Elf:2:    elven_hall_of_blades_hangedman_alternative
          [nooodl_blade_entry_preview], layout_onion_city, basic_altar,
          nicolae_elf_w_pinch
Vaults:1: nicolae_vaults_closet_pinwheel_3, v_pattern_2,
          nicolae_vaults_tetromino_L_1, nicolae_vaults_doubleplus_tesselated,
          nicolae_vaults_network_barrier, dpeg_vaults_monster_box,
          nicolae_vaults_network_square, grunt_vaults_focal,
          nicolae_vaults_variable_pillar_hall, nicolae_vaults_trapezoid_3,
          vaults_dpeg_spiral, serial_ice_b, layout_vaults_maze_snakey,
          enter_trove_5
Vaults:2: v_misc_13, nicolae_vaults_surprise_closet_hard,
          hangedman_vaults_corner_blocks, nicolae_vaults_angled_halls,
          vaults_room_door_ring, ontoclasm_vaults_pinch,
          layout_vaults_quadrants, uniq_margery, uniq_aizul, uniq_xtahua
Vaults:3: lightli_enter_wizlab_magi_temple, hangedman_vaults_slice, v_pattern_3,
          minmay_crypt_entry_simple_round, vaults_room_grunt_arrival_checkpoint,
          nicolae_vaults_c_with_doors, vaults_mumra_minichess,
          vaults_room_stairs_pillars, hangedman_vaults_restitches,
          nicolae_vaults_house_1, nicolae_vaults_apartment_2, v_misc_13,
          nicolae_vaults_mini_display_case, nicolae_vaults_tetromino_T_1,
          layout_vaults_omnicross
Vaults:4: nicolae_vaults_trapezoid_3, nicolae_vaults_angled_halls,
          nicolae_vaults_alarming, nicolae_vaults_crenellated_ambush,
          hangedman_vaults_nails, vaults_room_fours, vaults_room_hallway,
          nicolae_vaults_storage_room_doors, nicolae_vaults_surprise_closet,
          layout_vaults_chaotic_city
Vaults:5

Skill      XL: |  1  2  3  4  5  6  7  8  9 10 11 12 13 14 15 16 17 18 19 20 21 22 23 |
---------------+----------------------------------------------------------------------+-----
Axes           | 3 4 5 6 7 8 10 11 13 14 15 17 18 | 18.0
Throwing       | 1 2 3 |  3.0
Evocations     | 2 4 6 8 9 10 12 13 15 17 | 17.0
Armour         | 3 4 5 6 8 13 15 | 15.4
Invocations    | 2 3 5 6 7 8 9 10 11 | 11.1
Fighting       | 4 5 6 8 9 11 13 14 15 17 19 20 | 20.0
Dodging        | 2 3 4 5 6 8 10 11 12 13 | 13.2
Air Magic      | 1 3 5 |  5.2
Translocations | 3 6 9 10 15 17 | 17.4
Necromancy     | 3 6 9 |  9.6
Shields        | |  2.1

Action                     |  1- 3 |  4- 6 |  7- 9 | 10-12 | 13-15 | 16-18 | 19-21 | 22-24 || total
---------------------------+-------+-------+-------+-------+-------+-------+-------+-------++-------
  Melee: War axe           |    56 |   120 |   153 |   269 |   995 |   300 |       |       ||  1893
         Club              |     7 |       |       |       |       |       |       |       ||     7
         Whip              |    46 |    19 |       |       |       |       |       |       ||    65
         Flail             |       |    34 |       |       |       |       |       |       ||    34
         Hand axe          |       |    53 |   152 |   260 |   106 |       |       |       ||   571
         Broad axe         |       |       |       |       |       |   939 |  1094 |   925 ||  2958
  Throw: Boomerang         |       |    36 |    40 |    53 |    79 |    93 |       |       ||   301
         Dart              |       |       |     6 |    30 |    15 |     5 |     1 |       ||    57
   Cast: Fugue of the Fall |       |       |       |       |       |    28 |    46 |    40 ||   114
         Manifold Assault  |       |       |       |       |       |     1 |    85 |    51 ||   137
 Invoke: Elemental Force   |       |       |       |       |       |       |     1 |       ||     1
Ability: Invent Gizmo      |       |       |       |       |     1 |       |       |       ||     1
  Evoke: Wand              |       |       |     1 |     4 |     6 |     1 |       |     2 ||    14
         Lightning rod     |       |       |       |       |     4 |       |       |       ||     4
    Use: Scroll            |       |     7 |     5 |     4 |     9 |    16 |     7 |       ||    48
         Potion            |       |       |     3 |       |       |     1 |     9 |     2 ||    15
   Stab: Invisible         |       |       |       |       |       |     3 |     1 |       ||     4
         Paralysed         |       |       |       |       |       |       |     3 |       ||     3
 Armour: Scale mail        |    53 |    67 |       |       |       |       |       |       ||   120
         Plate armour      |       |    39 |   141 |       |       |       |       |   336 ||   516
         Robe              |       |       |    29 |   224 |   292 |   296 |   250 |   118 ||  1209
  Dodge: Dodged            |    29 |    48 |    45 |   114 |   236 |   265 |   261 |   248 ||  1246
         Repelled          |       |     4 |     6 |    25 |    14 |   105 |    50 |    54 ||   258
  Block: Other             |       |       |     5 |    39 |   126 |   180 |   113 |   110 ||   573

Table legend: (Time is in decaauts)
 A = Elapsed time spent in this place.
 B = Non-inter-level travel time spent in this place.
 C = Inter-level travel time spent in this place.
 D = Time resting spent in this place.
 E = Time spent auto-exploring this place.
 F = Levels seen in this place.
 G = Mean time per level.
                   A        B        C        D        E       F      G
               +--------+--------+--------+--------+--------+-----+--------+
         Total |  41956 |  38040 |   3916 |   6122 |  23174 |  43 |  975.7 |
       Dungeon |  16716 |  15235 |   1481 |   3069 |   9342 |  15 | 1114.4 |
          Lair |   6248 |   4801 |   1447 |    271 |   3468 |   5 | 1249.6 |
         Swamp |   2308 |   2175 |    133 |      0 |   1751 |   4 |  577.0 |
     Snake Pit |   4806 |   4587 |    219 |    960 |   2459 |   4 | 1201.5 |
  Orcish Mines |   1657 |   1284 |    373 |     17 |    891 |   2 |  828.5 |
   Elven Halls |    455 |    455 |      0 |      0 |    268 |   2 |  227.5 |
        Vaults |   6959 |   6698 |    261 |    951 |   4352 |   5 | 1391.8 |
         Trove |     69 |     69 |      0 |      0 |      0 |   1 |   69.0 |
         Sewer |    624 |    624 |      0 |    282 |    135 |   1 |  624.0 |
        Bailey |    562 |    562 |      0 |    228 |     13 |   1 |  562.0 |
      Ice Cave |    345 |    345 |      0 |     24 |     94 |   1 |  345.0 |
       Volcano |    179 |    179 |      0 |      0 |     43 |   1 |  179.0 |
        Wizlab |   1021 |   1021 |      0 |    317 |    357 |   1 | 1021.0 |
               +--------+--------+--------+--------+--------+-----+--------+

Top non-repeatable levels by time:
Vaults:4: 2209 daAuts
     D:8: 1872 daAuts
    D:14: 1821 daAuts
    D:13: 1817 daAuts
  Lair:5: 1765 daAuts
 Snake:2: 1469 daAuts
  Lair:2: 1459 daAuts
    D:10: 1363 daAuts
 Snake:4: 1349 daAuts
     D:9: 1345 daAuts
  Lair:3: 1331 daAuts
Vaults:5: 1281 daAuts
Vaults:3: 1203 daAuts
Vaults:1: 1143 daAuts
Vaults:2: 1121 daAuts
